AoeStats
← Grandpa Kev

Arena

506327166Analyzed
1v1 RM · 21d ago on Sep 13, 2026· 35m 48s· 2 players
Game mode
Random Map
Map size
Tiny (2 player)
Population
200
Speed
Normal
Resources
Standard
Victory
Conquest
Starting age
Dark Age
Ending age
Imperial Age
RankedLock teamsTeams togetherTeam positionsShared explorationLock speedFull tech treeHidden civsTurbo modeCheats
Victory
Defeat
🇷🇺 Bohemians · Russia
934
+16
🇹🇭 Khmer · Thailand
943
-16
a3axapob
9:39 Feudal Age
10:05 Double-Bit Axe
16:30 Castle Age
14:27 Horse Collar
17:23 Bow Saw
17:15 Heavy Plow
18:58 Wheelbarrow
19:08 Fervor
23:47 Town Watch
27:33 Imperial Age
28:35 Chemistry
27:23 Treadmill Crane
28:46 Chemistry
28:03 Fletching
29:00 Conscription
29:07 Hand Cart
28:53 Town Patrol
30:27 Two-Man Saw
31:42 Bodkin Arrow
31:45 Arrowslits
33:43 Bracer
33:59 Pikeman
34:42 Scale Mail Armor
34:53 Forging
35:02 Siege Engineers
36:10 Ballistics
35:20 Houfnice
Grandpa Kev
9:49 Loom
11:35 Feudal Age
15:52 Castle Age
15:20 Stone Mining
15:25 Gold Mining
15:39 Double-Bit Axe
25:29 Bow Saw
25:02 Horse Collar
28:24 Bloodlines
28:15 Husbandry
28:52 Light Cavalry
33:26 Imperial Age
31:08 Scale Barding Armor
32:02 Forging
32:38 Fletching
33:39 Chain Barding Armor
33:55 Iron Casting
34:08 Bodkin Arrow
Connection lost

Rejoining the realm…

Still unreachable

The connection could not be restored.

Session expired

The server has moved on; the page needs a fresh start.